 Dungeon Crawl Stone Soup version 0.30-a0-715-gdb4ae3ece1 (webtiles) character file.

Game seed: 13420538885671540632

627 testman the Trooper (level 7, -3/53 HPs)
             Began as a Djinni Warper on Jan 24, 2023.
             Slain by Sigmund
             ... wielding a +0 scythe
              (9 damage)
             ... on level 6 of the Dungeon.
             The game lasted 00:14:17 (4487 turns).

testman the Trooper (Djinni Warper)                 Turns: 4487, Time: 00:14:18

Health: -3/53      AC:  3    Str: 10    XL:     7   Next: 76%
Gold:   140        EV: 12    Int: 17    God:
                   SH:  0    Dex: 18

rFire   + + .      SeeInvis .    a - +0 falchion
rCold   x . .      Faith    .    (no shield)
rNeg    + . .      Spirit   .    b - +0 leather armour
rPois   ∞          Reflect  .    (no helmet)
rElec   .          Harm     .    (no cloak)
rCorr   .          Rampage  .    (no gloves)
Will    .....                    (boots unavailable)
Stlth   +                        (no amulet)
HPRegen 0.28/turn                l - ring of positive energy
MPRegen 0.00/turn                u - +6 ring of dexterity

@: flying, invisible
A: sickness immunity, fire resistance 2, cold vulnerability 1, float, innate
caster, HP casting, extra vitality 1
a: no special abilities


You were on level 6 of the Dungeon.
You visited 1 branch of the dungeon, and saw 6 of its levels.
You also visited: Sewer.

You collected 140 gold pieces.

Inventory:

Hand Weapons
 a - a +0 falchion (weapon)
Missiles
 d - 7 boomerangs of dispersal
 q - 5 boomerangs
 x - 3 poisoned darts
Armour
 b - a +0 leather armour (worn)
Jewellery
 l - a ring of positive energy (left hand)
 u - a +6 ring of dexterity (right hand)
Wands
 r - a wand of charming (11)
 B - a wand of acid (12)
Scrolls
 c - 5 scrolls of blinking
 e - a scroll of teleportation
 h - a scroll of vulnerability {unknown}
 i - a scroll of amnesia {unknown}
 k - 2 scrolls of immolation
 o - a scroll of enchant armour {unknown}
 p - a scroll of brand weapon {unknown}
 s - 3 scrolls of fear
 w - a scroll of enchant weapon {unknown}
 y - 2 scrolls of fog {unknown}
 z - a scroll of summoning {unknown}
Potions
 f - 3 potions of degeneration
 g - a potion of haste
 j - a potion of invisibility
 m - a potion of curing
 n - a potion of heal wounds {unknown}
 t - 2 potions of flight
 v - 2 potions of brilliance
 A - a potion of might {unknown}
 C - 2 potions of attraction
 D - a potion of ambrosia {unknown}
 E - 2 potions of mutation {unknown}


   Skills:
 + Level 4.9 Fighting
 + Level 4.4 Long Blades
 - Level 0.7 Throwing
 - Level 1.0 Armour
 - Level 2.1 Dodging
 + Level 4.1 Spellcasting


You couldn't memorise any spells.
You knew the following spells:

 Your Spells              Type           Power      Damage    Failure   Level
a - Blink                 Tloc           34%        N/A       6%          2
b - Lesser Beckoning      Tloc           34%        N/A       6%          2
c - Vhi's Electric Charg  Tloc/Air       34%        N/A       12%         3
d - Teleport Other        Tloc           17%        N/A       12%         3
e - Manifold Assault      Tloc           17%        N/A       36%         4
f - Necrotise             Necr           68%        1d7       3%          1
g - Call Imp              Summ           17%        N/A       6%          2
h - Frozen Ramparts       Ice            34%        1d6       12%         3
Your spell library was empty.

Dungeon Overview and Level Annotations

Branches:
Dungeon (6/15)             Temple (0/1) D:5           Sewer (visited)

Altars:

Shops:
D:3 (   D:4 *

Annotations:
D:6 Sigmund


Innate Abilities, Weirdness & Mutations

You are immune to sickness and miasma.
You are immune to poison.
Your flesh is very heat resistant. (rF++)
You are vulnerable to cold. (rC-)
You float through the air rather than walking.
You learn spells naturally, not from books.
Your magical power is your life essence.
You have superior vitality. (+4 MHP)


Message History

Anything else - Cancel.
Gang up on whom?
Press: ? - help, Dir - move target There's nothing there!
Your crimson imp blinks!
The wall freezes something.
Something completely misses you.
The wall freezes something.
Something hits you but does no damage.
The wall freezes something.
Something hits you but does no damage.
The frozen ramparts melt away.
Something hits you!
* * * LOW HITPOINT WARNING * * *
A puff of flame appears from out of thin air!
The puff of flame hits your hound skeleton!
You hear some strange, mumbled words.
Your hound skeleton resists with significant effort.
You see here a scroll labelled YFUL RUD TOOQE.
h - a scroll labelled YFUL RUD TOOQE
Casting: Frozen Ramparts (dangerous; 12% risk of failure)
Confirm with . or Enter, or press ? or * to list all spells.
Casting: Frozen Ramparts (dangerous; 12% risk of failure)
Press: ? - help, Dir - look around, f - activate The walls around you are covered in ice.
* * * LOW HITPOINT WARNING * * *
The wall freezes something.
Something hits you but does no damage.
Okay, then.
Okay, then.
Unknown command.
It was a potion of invisibility.
You fade into invisibility!
The wall freezes something.
Unknown command.
Something hits you.
* * * LOW HITPOINT WARNING * * *
Your frozen ramparts will break if you move.
Continue?
You swap places.
The frozen ramparts melt away as you move.
You hear some strange, mumbled words.
A puff of flame appears from out of thin air!
The puff of flame misses you. Something hits you!
You die...

## ###### #.
#....#
#####.#####....#
.........##<...#
.........##....#
...............#
.........##....#
.......{@##....#
.......5Z##....#
.........#######
##########


You could see a friendly crimson imp (summoned) and a friendly hound skeleton.

Vanquished Creatures
  A centaur (D:5)
  A phantom (D:5)
  A necrophage (D:5)
  5 hounds
  3 iguanas
  7 adders
  A river rat (Sewer)
  3 worms
  A dart slug (D:1)
  5 orcs (D:3)
  2 bats
  10 endoplasms
  2 giant cockroaches
  7 hobgoblins
  2 jackals (D:2)
  3 quokkas
  14 ball pythons
  9 frilled lizards
  4 goblins
  7 kobolds
  7 rats
95 creatures vanquished.

Vanquished Creatures (collateral kills)
  2 adders (Sewer)
  2 hobgoblins
  A frilled lizard (Sewer)
5 creatures vanquished.

Grand Total: 100 creatures vanquished

Notes
Turn   | Place    | Note
-------+----------+-------------------------------------------
     0 | D:1      | testman the Djinni Warper began the quest for the Orb.
     0 | D:1      | testman set off with the following spells memorised: Blink,
                  | Lesser Beckoning, Vhi's Electric Charge, Teleport Other,
                  | Manifold Assault.
     0 | D:1      | Reached XP level 1. HP: 18/18 MP: 0/0
   110 | D:1      | Reached XP level 2. HP: 19/23 MP: 0/0
   304 | D:1      | Reached XP level 3. HP: 23/29 MP: 0/0
   304 | D:1      | Learned a level 1 spell: Necrotise
  1126 | D:2      | Reached XP level 4. HP: 33/34 MP: 0/0
  1650 | D:3      | Found Penusmas's Weapon Shoppe.
  1701 | D:3      | Identified the +0 helmet "Gugyetong" {rF+ Dex+3}
  1919 | D:3      | Reached XP level 5. HP: 38/40 MP: 0/0
  1919 | D:3      | Learned a level 2 spell: Call Imp
  2148 | D:4      | Found a glowing drain.
  2160 | Sewer    | Entered a sewer
  2689 | D:4      | Reached XP level 6. HP: 36/47 MP: 0/0
  2951 | D:4      | Found Olagotea's Gadget Gallery.
  3265 | D:5      | Entered Level 5 of the Dungeon
  3637 | D:5      | Found a staircase to the Ecumenical Temple.
  3678 | D:5      | Reached XP level 7. HP: 19/53 MP: 0/0
  3678 | D:5      | Learned a level 3 spell: Frozen Ramparts
  4453 | D:6      | Noticed Sigmund
  4487 | D:6      | Slain by Sigmund

Illustrated notes

Levels and vault maps discovered:
D:1:      heliophobic_arrival_battle_scene, layout_basic
D:2:      layout_basic
D:3:      layout_basic, serial_shops, nicolae_shop_bloodbath_and_beyond,
          kennysheep_small_spiral, kennysheep_generic_room_15
D:4:      layout_loops_cross, cheibrodos_sewer_entry_drain, nicolae_shop_gadgets
D:5:      layout_cave_pools, minmay_temple_entry_from_below_a
D:6:      layout_rooms, evilmike_ruin_ashenzari, hangedman_decor_peaks_small,
          minmay_joined_circles, uniq_sigmund, uniq_edmund, uniq_menkaure

Skill      XL: |  1  2  3  4  5  6  7 |
---------------+----------------------+-----
Long Blades    | 2 3 4 |  4.4
Fighting       | 3 4 |  4.9
Spellcasting   | 3 4 |  4.1
Throwing       | |  0.7
Armour         | |  1.0
Dodging        | |  2.1

Action                     |  1- 3 |  4- 6 |  7- 9 || total
---------------------------+-------+-------+-------++-------
  Melee: Falchion          |    68 |   119 |    20 ||   207
         Punch             |       |     1 |     1 ||     2
   Cast: Necrotise         |    25 |    72 |     6 ||   103
         Call Imp          |       |     3 |     2 ||     5
         Frozen Ramparts   |       |       |     6 ||     6
    Use: Scroll            |       |     9 |       ||     9
         Potion            |       |     3 |     1 ||     4
   Stab: Sleeping          |       |     2 |       ||     2
 Armour: Leather armour    |    20 |    25 |    11 ||    56
  Dodge: Dodged            |    36 |    90 |    29 ||   155

Table legend: (Time is in decaauts)
 A = Elapsed time spent in this place.
 B = Non-inter-level travel time spent in this place.
 C = Inter-level travel time spent in this place.
 D = Time resting spent in this place.
 E = Time spent auto-exploring this place.
 F = Levels seen in this place.
 G = Mean time per level.
                   A        B        C        D        E       F      G
               +--------+--------+--------+--------+--------+-----+--------+
         Total |   4499 |   4385 |    114 |    139 |   3365 |   7 |  642.7 |
       Dungeon |   4045 |   3931 |    114 |    139 |   3079 |   6 |  674.2 |
         Sewer |    454 |    454 |      0 |      0 |    286 |   1 |  454.0 |
               +--------+--------+--------+--------+--------+-----+--------+

Top non-repeatable levels by time:
     D:5: 1035 daAuts
     D:4: 846 daAuts
     D:3: 781 daAuts
     D:2: 724 daAuts
     D:1: 624 daAuts
   Sewer: 454 daAuts
     D:6: 33 daAuts
